 Dungeon Crawl Stone Soup version 0.32-a0-18-g89e19f1974 (webtiles) character file.

Game seed: 13118537837539140940

1169 zenocrate the Sneak (level 8, -6/39 HPs)
             Began as a Vine Stalker Enchanter on Jan 16, 2024.
             Was an Initiate of Gozag.
             Mangled by a slime creature (10 damage)
             ... on level 5 of the Dungeon.
             The game lasted 00:07:14 (4929 turns).

zenocrate the Sneak (Vine Stalker Enchanter)        Turns: 4929, Time: 00:07:14

Health: -6/39      AC:  4    Str: 11    XL:     8   Next: 40%
Magic:  0/21       EV: 13    Int: 15    God:    Gozag
Gold:   290        SH:  0    Dex: 17    Spells: 3/11 levels left

rFire   . . .        a - +2 dagger
rCold   . . .        (no shield)
rNeg    . . .        x - +1 leather armour {Will+}
rPois   .            (no helmet)
rElec   .            (no cloak)
rCorr   .            (no gloves)
SInv    .            (no boots)
Will    +++..        (no amulet)
Stlth   +++          u - ring of willpower
HPRegen 1.06/turn    C - ring of magical power
MPRegen 0.17/turn

%: guardian spirit
@: gold aura
A: fangs 3, regeneration 1, magic shield, antimagic bite, no potion heal 2
a: Renounce Religion, Potion Petition, Call Merchant, Bribe Branch


You were on level 5 of the Dungeon.
You worshipped Gozag.
Gozag was aware of your devotion.
You visited 2 branches of the dungeon, and saw 6 of its levels.

You collected 587 gold pieces.
You paid 297 gold pieces to Gozag.

Inventory:

Hand Weapons
 a - a +2 dagger (weapon)
Missiles
 v - 4 curare-tipped darts (quivered)
 y - 2 boomerangs
 A - 4 javelins
 B - 22 poisoned darts
Armour
 b - a +0 robe
 x - a +1 leather armour of willpower (worn)
Jewellery
 u - a ring of willpower (left hand)
 C - a ring of magical power (right hand)
Wands
 w - a wand of flame (17)
Scrolls
 f - a scroll of amnesia {unknown}
 h - a scroll of enchant weapon
 i - a scroll of blinking
 o - a scroll of immolation {unknown}
 q - a scroll of teleportation {unknown}
 s - a scroll of revelation {unknown}
 t - a scroll of brand weapon {unknown}
Potions
 c - 3 potions of invisibility
 d - 3 potions of brilliance
 e - a potion of ambrosia
 g - 3 potions of enlightenment
 j - 2 potions of might
 l - 2 potions of haste {unknown}
 m - 2 potions of lignification {unknown}
 n - a potion of cancellation {unknown}
 p - a potion of resistance {unknown}
 r - a potion of berserk rage {unknown}


   Skills:
 - Level 2.5 Fighting
 * Level 4.3 Short Blades
 + Level 3.5 Dodging
 + Level 6.3 Stealth
 - Level 2.1 Spellcasting
 + Level 4.9 Hexes
 - Level 3.5 Ice Magic


You had 3 spell levels left.
You knew the following spells:

 Your Spells              Type           Power      Damage    Failure   Level
a - Ensorcelled Hibernat  Hex/Ice        28%        N/A       8%          2
b - Confusing Touch       Hex            16%        N/A       11%         3
c - Tukima's Dance        Hex            16%        N/A       11%         3

Your spell library contained the following spells:

 Spells                   Type           Power      Damage    Failure   Level
 Magic Dart               Conj           4%         1d3       28%         1
 Dazzling Flash           Conj/Hex       18%        N/A       30%         3
 Cigotuvi's Dreadful Rot  Necr/Alch/Air  2%         N/A       41%         2
 Searing Ray              Conj           2%         2d4       41%         2
 Fulminant Prism          Conj/Alch      0%         3d5       96%         4
 Ignite Poison            Fire/Alch      1%         N/A       96%         4
 Freezing Cloud           Conj/Ice/Air   2%         6-21      99%         5


Dungeon Overview and Level Annotations

Branches:
Dungeon (5/15)             Temple (1/1) D:4

Altars:
Ashenzari
Cheibriados
Dithmenos
Elyvilon
Fedhas
Gozag
Kikubaaqudgha
Makhleb
Nemelex Xobeh
Okawaru
Qazlal
Ru
Sif Muna
Trog
Uskayaw
Vehumet
Wu Jian
Xom
Yredelemnul
Zin
The Shining One

Annotations:
D:3 digging


Innate Abilities, Weirdness & Mutations

You have razor-sharp teeth.
Your natural rate of healing is unusually fast.
When hurt, damage is shared between your health and your magic reserves.
Your bite disrupts and absorbs the magic of your enemies.
Potions cannot restore your health.


Message History

You hit the slime creature. You bite the slime creature. You drain its power.
You feel invigorated.
The slime creature is moderately wounded.
Unknown command.
You hit the slime creature. You bite the slime creature. You drain its power.
You feel invigorated.
The slime creature is heavily wounded.
The slime creature hits you!
* * * LOW HITPOINT WARNING * * *
Your magical contamination has completely faded away.
Unknown command.
Unknown command.
You hit the slime creature. You bite the slime creature. You drain its power.
You feel invigorated.
The slime creature is heavily wounded.
The slime creature completely misses you.
Unknown command.
You hit the slime creature. Your bite misses the slime creature.
The slime creature is heavily wounded.
The slime creature hits you!
* * * LOW HITPOINT WARNING * * *
Unknown command.
Unknown command.
You hit the slime creature. Your bite misses the slime creature.
The slime creature is severely wounded.
The slime creature is distracted by your dazzling golden aura.
Unknown command.
Unknown command.
The slime creature quivers.
You hit the slime creature.
The slime creature is no longer distracted by gold.
You bite the slime creature, but do no damage.
The slime creature is severely wounded.
Unknown command.
Unknown command.
You hit the slime creature but do no damage.
The slime creature is severely wounded.
The slime creature hits you!
You die...
Your body crumbles into a pile of gold.

#################################
.............#...................
.............#...................
.............#................#.#
.............#...................
.............+.$@............#.#.
.............#.J.................
....###....###'####...####..#.#.#
....###....###..###...####..##...
......))...(.....#.....#.........
......)).........#.....#.........
.....###'''###...#.....#.........
...#####..$#######....##....##...
...####.....######....##....##...


You could see a slime creature.

Vanquished Creatures
  A slime creature (D:5)
  A steam dragon (D:4)
  Edmund (D:5)
  A black bear (D:4)
  A centaur (D:5)
  2 kobold brigands (D:5)
  A howler monkey (D:5)
  3 jellies (D:5)
  Natasha (thrice) (D:3)
  3 iguanas (D:5)
  7 adders
  A white imp (D:5)
  4 dart slugs
  A ribbon worm (D:2)
  6 orcs (D:4)
  8 ball pythons
  17 endoplasms
  2 giant cockroaches
  8 goblins
  6 hobgoblins
  6 quokkas
  10 bats
  2 frilled lizards (D:2)
  13 kobolds
  2 rats
110 creatures vanquished.

Notes
Turn   | Place    | Note
-------+----------+-------------------------------------------
     0 | D:1      | zenocrate the Vine Stalker Enchanter began the quest for
                  | the Orb.
     0 | D:1      | Reached XP level 1. HP: 9/9 MP: 4/4
    76 | D:1      | Reached skill level 1 in Short Blades
   116 | D:1      | Reached XP level 2. HP: 13/13 MP: 6/6
   119 | D:1      | Learned a level 2 spell: Ensorcelled Hibernation
   556 | D:1      | Reached XP level 3. HP: 16/16 MP: 7/7
   565 | D:1      | Reached skill level 4 in Stealth
   791 | D:1      | Learned a level 3 spell: Confusing Touch
  1279 | D:2      | Reached skill level 1 in Ice Magic
  1279 | D:2      | Reached XP level 4. HP: 13/21 MP: 3/8
  1330 | D:3      | Noticed Natasha
  1332 | D:3      | Killed Natasha
  1345 | D:3      | Noticed Natasha
  1358 | D:3      | HP: 1/21 [dart slug/slug dart (3)]
  1361 | D:3      | Killed Natasha
  1526 | D:3      | Reached XP level 5. HP: 24/24 MP: 9/9
  1535 | D:3      | Learned a level 3 spell: Tukima's Dance
  1535 | D:3      | Noticed Natasha
  1548 | D:3      | Killed Natasha
  1842 | D:3      | Found a faded altar of an unknown god.
  1846 | D:3      | Found a sparkling altar of Nemelex Xobeh.
  2178 | D:4      | Found a staircase to the Ecumenical Temple.
  2187 | Temple   | Entered the Ecumenical Temple
  2192 | Temple   | Became a worshipper of Gozag Ym Sagoz the Greedy
  2283 | D:4      | Noticed a black bear
  2293 | D:4      | Killed a black bear
  2294 | D:4      | Reached XP level 6. HP: 24/28 MP: 2/10
  2398 | D:4      | Noticed a steam dragon
  2409 | D:4      | Killed a steam dragon
  2410 | D:4      | Reached skill level 5 in Stealth
  2618 | D:4      | Reached skill level 1 in Fighting
  2618 | D:4      | Reached XP level 7. HP: 33/33 MP: 4/11
  3478 | D:5      | Entered Level 5 of the Dungeon
  3544 | D:5      | Noticed Edmund
  3563 | D:5      | Killed Edmund
  4074 | D:5      | Gained mutation: You have razor-sharp teeth. [Vine Stalker
                  | growth]
  4074 | D:5      | Reached XP level 8. HP: 26/39 MP: 1/12
  4283 | D:5      | Reached skill level 6 in Stealth
  4324 | D:5      | Found a bloodstained altar of Trog.
  4324 | D:5      | Found a glowing golden altar of the Shining One.
  4324 | D:5      | Found a glowing silver altar of Zin.
  4324 | D:5      | Found an opulent altar of Gozag.
  4324 | D:5      | Found a radiant altar of Vehumet.
  4324 | D:5      | Found a sparkling altar of Nemelex Xobeh.
  4324 | D:5      | Noticed a slime creature
  4324 | D:5      | Noticed a slime creature
  4783 | D:5      | Killed a slime creature
  4929 | D:5      | Mangled by a slime creature

Illustrated notes

Levels and vault maps discovered:
D:1:      dpeg_arrival_radiant, layout_loops_cross, serial_park_tiny_pond,
          st_stairs_7, minmay_cupped
D:2:      layout_rooms, nicolae_kite_square_tiling_tiny
D:3:      layout_loops_cross, nicolae_overflow_ecumenical_swirl, st_stairs_12,
          minivault_26, due_unseen_surprise, uniq_natasha
D:4:      layout_basic, temple_fountains, chequers_big_river
D:5:      cheibrodos_fertilizer, layout_gridville, hex_tiny, uniq_edmund
Temple:   compressed_dpeg_triangle_lava_temple

Skill      XL: |  1  2  3  4  5  6  7  8 |
---------------+-------------------------+-----
Short Blades   | 1 2 3 4 |  4.3
Stealth        | 4 5 6 |  6.3
Dodging        | 2 3 |  3.5
Ice Magic      | 1 2 3 |  3.5
Hexes          | 4 |  4.9
Fighting       | 1 2 |  2.5
Spellcasting   | |  2.1

Action                     |  1- 3 |  4- 6 |  7- 9 || total
---------------------------+-------+-------+-------++-------
  Melee: Dagger            |    90 |   117 |   136 ||   343
         Bite              |    21 |    25 |    44 ||    90
         Punch             |       |     1 |     3 ||     4
   Cast: Ensorcelled Hiber |     6 |    26 |    41 ||    73
         Confusing Touch   |       |       |     3 ||     3
 Invoke: Potion Petition   |       |       |     1 ||     1
    Use: Scroll            |       |     3 |     4 ||     7
   Stab: Sleeping          |    13 |    15 |    16 ||    44
         Confused          |       |       |     1 ||     1
 Armour: Robe              |    43 |    39 |    11 ||    93
         Leather armour    |       |       |    53 ||    53
  Dodge: Dodged            |    57 |    93 |    61 ||   211

Table legend: (Time is in decaauts)
 A = Elapsed time spent in this place.
 B = Non-inter-level travel time spent in this place.
 C = Inter-level travel time spent in this place.
 D = Time resting spent in this place.
 E = Time spent auto-exploring this place.
 F = Levels seen in this place.
 G = Mean time per level.
                   A        B        C        D        E       F      G
               +--------+--------+--------+--------+--------+-----+--------+
         Total |   4889 |   4779 |    110 |    192 |   3603 |   6 |  814.8 |
       Dungeon |   4879 |   4769 |    110 |    192 |   3603 |   5 |  975.8 |
        Temple |     10 |     10 |      0 |      0 |      0 |   1 |   10.0 |
               +--------+--------+--------+--------+--------+-----+--------+

Top non-repeatable levels by time:
     D:5: 1426 daAuts
     D:4: 1293 daAuts
     D:3: 837 daAuts
     D:1: 820 daAuts
     D:2: 502 daAuts
  Temple: 10 daAuts
